 Dungeon Crawl Stone Soup version 0.20.2-3-g29329e0561 (webtiles) character file.

258 Alfie the Skirmisher (level 5, -9/48 HPs)
             Began as a Minotaur Fighter on Sept 17, 2020.
             Mangled by an ogre
             ... wielding a +0 giant club
              (27 damage)
             ... on level 4 of the Dungeon.
             The game lasted 00:05:17 (1950 turns).

Alfie the Skirmisher (Minotaur Fighter)             Turns: 1950, Time: 00:05:18

Health: -9/48      AC: 10    Str: 21    XL:     5   Next: 94%
Magic:  4/4        EV:  8    Int:  5    God:
Gold:   193        SH:  9    Dex: 10    Spells: 3/4 levels left

rFire    . . .     SeeInvis .   a - +0 long sword
rCold    . . .     Gourm    .   c - +0 shield
rNeg     . . .     Faith    .   b - +1 scale mail
rPois    .         Spirit   .   (helmet unavailable)
rElec    .         Reflect  .   (no cloak)
rCorr    .         Harm     .   (no gloves)
MR       .....                  l - +1 pair of boots {Fly}
Stlth    ..........             (no amulet)
Regen    0.2/turn               (no ring)
MPRegen  0.1/turn               (no ring)

@: flying
A: retaliatory headbutt, horns 3, subdued magic 1
a: Stop Flying


You were on level 4 of the Dungeon.
You were not hungry.

You visited 1 branch of the dungeon, and saw 4 of its levels.

You collected 193 gold pieces.

Inventory:

Hand Weapons
 a - a +0 long sword (weapon)
Armour
 b - a +1 scale mail (worn)
 c - a +0 shield (worn)
 l - a +1 pair of boots of flying (worn)
Jewellery
 e - an uncursed ring of ice
Wands
 m - a wand of random effects (10/48)
Scrolls
 g - 2 scrolls of teleportation
Potions
 d - 3 potions of might
 h - a potion of curing
 k - a potion of haste
Books
 i - a book of Maledictions

   Spells                             Type                      Level
   a - Corona                         Hexes                        1
   b - Ensorcelled Hibernation        Hexes/Ice                    2
   c - Confuse                        Hexes                        3
   d - Tukima's Dance                 Hexes                        3
   e - Dazzling Spray                 Conjuration/Hexes            3
Comestibles
 f - a bread ration
 j - 2 meat rations


   Skills:
 + Level 5.0 Fighting
 + Level 4.4 Long Blades
 + Level 5.0 Armour
 + Level 1.0 Dodging
 + Level 0.5 Stealth
 + Level 4.6 Shields


You had 3 spell levels left.
You knew the following spells:

 Your Spells              Type           Power        Failure   Level  Hunger
a - Corona                Hex            #......      99%         1    ##.....


Dungeon Overview and Level Annotations

Branches:
Dungeon (4/15)
 Temple: D:4-7

Altars:
Nemelex Xobeh
Uskayaw


Innate Abilities, Weirdness & Mutations

You reflexively headbutt those who attack you in melee.
You have a pair of large horns on your head.
Your spells are a little easier to cast, but a little less powerful.


Message History

a dire flail of protection; a leather armour It was a potion of curing.
You feel better.
You now have 193 gold pieces (gained 13).
Found a mace.
j - 2 meat rations (gained 1)
A dart slug comes into view.
Found a short sword.
The dart slug launches a dart at you. The slug dart hits you!
You slash the dart slug!
You kill the dart slug!
An ogre comes into view. It is wielding a giant club.
The ogre shouts!
You block the ogre's attack.
Found a stone staircase leading up.
You slash the ogre!
The ogre is heavily wounded.
The ogre hits you with a giant club!!
Ouch! That really hurt!
You die...

##.##.....###.# ..#
#. # ##..##.###..#..#
#.## #.### #..###.
##)#>## .. #.###.#..
#.## #. ###...# .#
#.......# #.#
#.##....## .#
#.......... #.#
#.#..##..#
.###..<#.......# #.#
#.#.####.## .....
#.......# #.# #...#
#..##..# #.######.
#.# #..## ##..@O.# #
#. #.# #..# #.....# #
###. #.# #..#
#.#.#.#### #( ###...
#.# #..#
#..#.#......#.##...##
#.# #.######.#..#
####......###
#.####........ .##
#.......##
..#........#.. .
..###....####
...........#....
##.#....#
)..........# #.####.#


You could see an ogre.

Vanquished Creatures
  Edmund (D:4)
  An iguana (D:4)
  A worker ant (D:4)
  3 adders (D:2)
  An ooze (D:4)
  4 worms
  2 dart slugs
  2 leopard geckos (D:1)
  2 orcs
  2 ball pythons (D:3)
  3 giant cockroaches
  8 goblins
  5 hobgoblins
  3 jackals (D:2)
  4 kobolds
  3 bats
  4 frilled lizards
  6 rats
55 creatures vanquished.

Notes
Turn   | Place    | Note
-------+----------+-------------------------------------------
     0 | D:1      | Alfie the Minotaur Fighter began the quest for the Orb.
     0 | D:1      | Reached XP level 1. HP: 19/19 MP: 0/0
    70 | D:1      | Reached XP level 2. HP: 18/27 MP: 1/1
   140 | D:1      | You fall through a shaft!
   180 | D:2      | Gained mutation: Your spells are a little easier to cast, but a little less powerful. [potion of mutation]
   180 | D:2      | Gained mutation: You have a pair of large horns on your head. [potion of mutation]
   441 | D:2      | Found a hide-covered altar of Uskayaw.
   453 | D:2      | Reached XP level 3. HP: 33/33 MP: 2/2
   639 | D:2      | Reached XP level 4. HP: 19/41 MP: 3/3
  1164 | D:3      | Learned a level 1 spell: Corona
  1360 | D:3      | Found a sparkling altar of Nemelex Xobeh.
  1836 | D:4      | Reached XP level 5. HP: 31/47 MP: 4/4
  1874 | D:4      | Noticed Edmund
  1891 | D:4      | HP: 1/47 [Edmund/dire flail of protection (8)]
  1892 | D:4      | Killed Edmund
  1892 | D:4      | Reached skill level 5 in Fighting
  1892 | D:4      | Reached skill level 5 in Armour
  1892 | D:4      | Reached skill level 1 in Dodging
  1948 | D:4      | Noticed an ogre
  1950 | D:4      | Mangled by an ogre

Skill      XL: |  1  2  3  4  5 |
---------------+----------------+-----
Fighting       | 4 5 |  5.0
Armour         | 4 5 |  5.0
Shields        | 4 |  4.6
Long Blades    | 3 4 |  4.4
Dodging        | 1 |  1.0
Stealth        | |  0.5

Action                   |  1- 3 |  4- 6 || total
-------------------------+-------+-------++-------
Melee: Long sword        |    66 |    70 ||   136
       Headbutt          |    12 |     9 ||    21
  Use: Potion            |     2 |     1 ||     3
       Scroll            |       |     7 ||     7
  Eat: Royal jelly       |       |     2 ||     2
Armor: Scale mail        |    48 |    31 ||    79
Dodge: Dodged            |    29 |    12 ||    41
Block: Shield            |    36 |    29 ||    65
       Rpst.: Long sword |     6 |     3 ||     9
